 Dungeon Crawl Stone Soup version 0.19.5 (webtiles) character file.

715 QuCean the Ruffian (level 7, -1/67 HPs)
             Began as a Troll Monk on May 15, 2017.
             Succumbed to a scorpion's poison
             ... on level 4 of the Dungeon on May 17, 2017.
             The game lasted 00:12:34 (2543 turns).

QuCean the Ruffian (Troll Monk)                     Turns: 2543, Time: 00:12:35

Health: -1/67      AC:  5    Str: 22    XL:     7   Next: 41%
Magic:  6/6        EV: 11    Int:  6    God:
Gold:   164        SH:  0    Dex: 12    Spells: 0 memorised, 6 levels left

rFire  . . .     SeeInvis .       - Unarmed
rCold  . . .     Gourm    +     a - +0 robe
rNeg   . . .     Faith    .     (no shield)
rPois  .         Spirit   .     (helmet restricted)
rElec  .         Reflect  .     (no cloak)
rCorr  .         Harm     .     (gloves unavailable)
MR     .....     Rnd*Tele +     (boots unavailable)
Stlth  ++........               e - amulet of magic regeneration
                                (no ring)
                                c - ring of teleportation (curse)

@: lethally poisoned (-1 -> -7)
A: unfitting armour, claws 3, fast metabolism 3, gourmand, regeneration 1,
shaggy fur 1, tough skin 2
a: no special abilities


You were on level 4 of the Dungeon.
You were very full.

You visited 1 branch of the dungeon, and saw 4 of its levels.

You collected 164 gold pieces.

Inventory:

Hand Weapons
 f - a +2 dagger of holy wrath
 m - a +0 blowgun
 r - a +1 hand axe of freezing
Armour
 a - a +0 robe (worn)
 o - a +3 scale mail
Jewellery
 c - a cursed ring of teleportation (left claw)
 e - an amulet of magic regeneration (around neck)
Potions
 g - a potion of cancellation {unknown}
 h - a potion of invisibility {unknown}
 i - 2 potions of degeneration {unknown}
 j - a potion of curing {unknown}
 k - a potion of mutation {unknown}
 l - a potion of beneficial mutation {unknown}
Comestibles
 b - 3 bread rations
 d - 2 meat rations
 n - 3 chunks of flesh
 p - a beef jerky


   Skills:
 + Level 3.2 Fighting
 + Level 4.5 Dodging
 + Level 1.5 Stealth
 + Level 6.6 Unarmed Combat


You had 6 spell levels left.
You didn't know any spells.

Dungeon Overview and Level Annotations

Branches:
Dungeon (4/15)
 Temple: D:4-7

Altars:


Innate Abilities, Weirdness & Mutations

You are too large for most types of armour.
You have claws for hands.
Your metabolism is lightning-fast.
You like to eat raw meat.
Your natural rate of healing is unusually fast.
You are covered in fur. (AC +1)
You have very tough skin. (AC +2)


Message History

You closely miss the scorpion.
You feel sick.
The adder skeleton bites you but does no damage.
The scorpion barely misses you.
You claw the scorpion!
The scorpion is almost dead.
The adder skeleton bites you.
* * * LOW HITPOINT WARNING * * *
The scorpion stings you!
* * * LOW HITPOINT WARNING * * *
You are lethally poisoned!
The scorpion poisons you!
You claw the scorpion!
You kill the scorpion!
* * * LOW HITPOINT WARNING * * *
You feel sick.
The adder skeleton bites you but does no damage.
* * * LOW HITPOINT WARNING * * *
You feel sick.
You see here a scorpion corpse.
You die...

) ######## ...
##..##..##
....#..!.....##
..............#
.?.....Z†@....#
....#.....>..##
... #........#
.:..%........#
..............#
....#........#.#
....##..##..##.#
### .... ... #


You could see an adder skeleton.

Vanquished Creatures
  The ghost of siprus the Pure, an amateur DsAK of Lugonu (D:4)
  The ghost of Mukku the Ducker, an amateur MfFE (D:3)
  A scorpion (D:4)
  A hound (D:3)
  4 orc priests
  2 orc wizards (D:3)
  Jessica (D:2)
  Natasha (D:2)
  4 adders
  2 worms
  A dart slug (D:3)
  A leopard gecko (D:2)
  11 orcs (D:3)
  A giant cockroach (D:3)
  10 goblins
  14 hobgoblins
  7 jackals
  9 kobolds
  2 quokkas (D:3)
  2 ball pythons
  8 bats
  6 frilled lizards
  9 rats
99 creatures vanquished.

Vanquished Creatures (others)
  A bat (D:3)
1 creature vanquished.

Grand Total: 100 creatures vanquished

Notes
Turn   | Place    | Note
-------+----------+-------------------------------------------
     0 | D:1      | QuCean the Troll Monk began the quest for the Orb.
     0 | D:1      | Reached XP level 1. HP: 22/22 MP: 0/0
   256 | D:1      | Reached XP level 2. HP: 25/29 MP: 1/1
   626 | D:2      | Reached XP level 3. HP: 36/36 MP: 2/2
   751 | D:2      | Noticed Jessica
   756 | D:2      | Killed Jessica
   756 | D:2      | Reached XP level 4. HP: 44/44 MP: 3/3
   947 | D:2      | Noticed Natasha
   954 | D:2      | Killed Natasha
   954 | D:2      | Reached skill level 4 in Unarmed Combat
  1540 | D:3      | Reached XP level 5. HP: 52/52 MP: 4/4
  1714 | D:3      | Noticed Mukku's ghost (amateur MfFE)
  1765 | D:3      | Killed Mukku's ghost
  1765 | D:3      | Reached skill level 5 in Unarmed Combat
  1765 | D:3      | Reached XP level 6. HP: 47/59 MP: 5/5
  2521 | D:4      | Noticed siprus's ghost (amateur DsAK)
  2536 | D:4      | Killed siprus's ghost
  2536 | D:4      | Reached skill level 6 in Unarmed Combat
  2536 | D:4      | Reached XP level 7. HP: 20/67 MP: 6/6
  2540 | D:4      | HP: 3/67 [scorpion (9)]
  2541 | D:4      | HP: 1/67 [poisoned by a scorpion]
  2543 | D:4      | Succumbed to a scorpion's poison

Skill      XL: |  1  2  3  4  5  6 |
---------------+-------------------+-----
Dodging        | 3 4 |  4.5
Unarmed Combat | 4 5 6 |  6.6
Fighting       | 3 |  3.2
Stealth        | |  1.5

Action                   |  1- 3 |  4- 6 |  7- 9 || total
-------------------------+-------+-------+-------++-------
Melee: Unarmed           |    78 |   176 |     5 ||   259
       Punch             |     1 |     5 |       ||     6
  Use: Scroll            |     4 |     4 |       ||     8
 Stab: Sleeping          |       |     2 |       ||     2
  Eat: Chunk             |     5 |    22 |       ||    27
Armor: Robe              |    39 |    81 |     3 ||   123
Dodge: Dodged            |    66 |   127 |     4 ||   197
